Map: Royal Blood LE

Players

ShaDoWn

  • Race: Protoss Protoss
  • Spawn Location: 7:00

NightMare - Winner!

  • Race: Protoss Protoss
  • Spawn Location: 1:00

Event: ESL SC2 Masters 2023 Summer (Finals)

VOD

Have the link to the VOD?

Description

Time

  • Played on: June 16, 2023, 4:44 a.m.
  • Length: 4:54

All games in this series

Show
View Real Time Build Order
Export as new Build Order

ShaDoWn Protoss 

Build Orders:  

Get SALT Encoding   

  12  0:00  Probe  
  13  0:12  Probe  
  14  0:16  Pylon  
  14  0:24  Probe  
  15  0:34  Gateway  
  15  0:36  Probe (Chrono Boost)  
  16  0:44  Assimilator  
  16  0:46  Probe (Chrono Boost)  
  17  0:52  Probe  
  17  0:55  Assimilator  
  18  1:04  Probe (Chrono Boost)  
  18  1:08  Gateway  
  19  1:13  Probe (Chrono Boost)  
  20  1:18  Probe (Chrono Boost)  
  20  1:23  Cybernetics Core  
  21  1:30  Probe  
  22  1:36  Pylon  
  22  1:42  Probe  
  23  1:54  Probe  
  23  1:57  Warp Gate (Chrono Boost)  
  23  1:59  Stalker  
  26  2:02  Pylon  
  26  2:03  Sentry  
  26  2:07  Probe  
  29  2:19  Probe  
  30  2:29  Stalker  
  31  2:45  Nexus  
  31  2:47  Sentry  
  31  2:50  Probe  
  34  3:01  Pylon  
  34  3:02  Probe  
  35  3:09  Sentry  
  37  3:14  Probe  
  37  3:16  Robotics Facility  
  38  3:25  Shield Battery  
  38  3:26  Probe  
  38  3:38  Probe  
  38  3:39  Shield Battery  
  38  3:40  Stalker  
  41  3:43  Stalker  
  41  3:52  Shield Battery  
  39  4:00  Immortal (Chrono Boost)  
  39  4:08  Sentry  
  43  4:12  Stalker  
  43  4:18  Shield Battery  
  43  4:23  Shield Battery  
  43  4:40  Stalker  
  43  4:41  Zealot  
  43  4:44  Pylon, Zealot x2  
Show
View Real Time Build Order
Export as new Build Order

NightMare Protoss - Winner!

Build Orders:  

Get SALT Encoding   

  12  0:00  Probe  
  13  0:12  Probe  
  14  0:17  Pylon  
  14  0:24  Probe (Chrono Boost)  
  15  0:37  Probe (Chrono Boost), Gateway  
  16  0:44  Probe (Chrono Boost)  
  16  0:46  Assimilator  
  17  0:51  Probe  
  17  0:56  Assimilator  
  18  1:03  Probe (Chrono Boost)  
  19  1:09  Gateway  
  19  1:13  Probe (Chrono Boost)  
  19  1:18  Probe (Chrono Boost)  
  20  1:25  Cybernetics Core  
  21  1:30  Probe  
  22  1:37  Pylon  
  22  1:42  Probe  
  23  1:55  Probe  
  23  2:00  Warp Gate (Chrono Boost)  
  23  2:01  Stalker x2  
  28  2:13  Pylon  
  28  2:21  Shield Battery  
  28  2:33  Stalker x2  
  32  2:46  Robotics Facility, Gateway  
  32  2:56  Pylon  
  32  3:07  Stalker  
  32  3:08  Stalker  
  36  3:30  Warp Prism (Chrono Boost)  
  36  3:52  Stalker x3  
  39  4:17  Stalker x3  
  39  4:19  Pylon  
  45  4:43  Stalker x3  
Tags
 
Add a new tag
Caveats
  • Supply blocks, unpowered buildings, or Contaminate may cause inaccurate times.
  • Supply counts are checked every 10 seconds.